[Event "Titled Tuesday Blitz June 20 Early 2023"]
[White "brm72"]
[Black "Bazilius, Augustinas"]
[BlackFideId "12832251"]
[WhiteElo "2562"]
[BlackElo "1980"]
[Result "0-1"]
[Round "9"]
[TimeControl "180+2"]
[Date "2023.06.20"]
[WhiteClock "0:00:00"]
[BlackClock "0:00:05"]
[Board "73"]

1. e4 c5 2. Nf3 d6 3. d4 cxd4 4. Nxd4 Nf6 5. Nc3 Nc6 6. Bg5 e6 7. f3 a6 8. Qd2 Bd7 9. O-O-O b5 10. Nxc6 Bxc6 11. Ne2 Qc7 12. Nd4 Bb7 13. Kb1 Rc8 14. g4 d5 15. e5 Nd7 16. f4 Nc5 17. Bd3 Ne4 18. Bxe4 dxe4 19. Rhe1 Bc5 20. Nb3 Bb6 21. f5 O-O 22. f6 Qxe5 23. fxg7 Rfe8 24. Rf1 e3 25. Qd7 Qxg7 26. Bxe3 Bc6 27. Qd2 Red8 28. Qf2 Rxd1+ 29. Rxd1 Bxe3 30. Qxe3 Qf6 31. Nd4 Bd5 32. g5 Qg6 33. b3 Be4 34. Rd2 e5 35. Ne2 Rxc2 36. Rxc2 Bxc2+ 37. Kb2 Bd3 38. Ng3 Qd6 39. Kc3 b4+ 40. Kb2 e4 41. Kc1 Qe5 42. Qb6 Qa1+ 43. Kd2 Qxa2+ 44. Ke3 Qb2 45. Nf5 Qc1+ 46. Kf2 Qf4+ 0-1


[Site "https://www.chess.com"]

[Event "Titled Tuesday Blitz June 20 Early 2023"]
[White "Gavrilov, Maxim"]
[Black "Fernandez Siles, Luis"]
[WhiteFideId "24271454"]
[BlackFideId "2209420"]
[WhiteElo "1969"]
[BlackElo "2195"]
[Result "1-0"]
[Round "9"]
[TimeControl "180+2"]
[Date "2023.06.20"]
[WhiteClock "0:00:52"]
[BlackClock "0:00:29"]
[Board "74"]

1. d4 Nf6 2. c4 g6 3. Nf3 Bg7 4. g3 O-O 5. Bg2 d6 6. O-O c6 7. Nc3 Qa5 8. e4 e5 9. h3 exd4 10. Nxd4 Qc5 11. b3 Nxe4 12. Nce2 Nc3 13. Nxc3 Qxd4 14. Bb2 Na6 15. Qf3 Qf6 16. Qd1 Nc5 17. b4 Na6 18. Rb1 Bf5 19. Nd5 Qd8 20. Bxg7 Kxg7 21. Qd4+ f6 22. Nf4 Qd7 23. Rbd1 Nxb4 24. g4 c5 25. Qxd6 Qxd6 26. Rxd6 Bc2 27. a3 Nc6 28. Ne6+ Kg8 29. Nxf8 Rxf8 30. Bxc6 bxc6 31. Rxc6 1-0


[Site "https://www.chess.com"]

[Event "Titled Tuesday Blitz June 20 Early 2023"]
[White "Nithyalakshmi, Sivanesan"]
[Black "Yelisieiev, Yevhenii"]
[WhiteFideId "5706955"]
[BlackFideId "14139642"]
[WhiteElo "1815"]
[BlackElo "2403"]
[Result "0-1"]
[Round "9"]
[TimeControl "180+2"]
[Date "2023.06.20"]
[WhiteClock "0:00:03"]
[BlackClock "0:00:11"]
[Board "75"]

1. e4 d6 2. Nc3 Nf6 3. Bc4 e5 4. d3 Be7 5. f4 O-O 6. Nf3 Nbd7 7. O-O c6 8. a4 a5 9. Qe1 exf4 10. Bxf4 Ng4 11. h3 Nge5 12. Nxe5 dxe5 13. Be3 Bg5 14. Kh1 Bxe3 15. Qxe3 Qe7 16. Nd1 Nf6 17. Qg5 Be6 18. Ne3 Nd5 19. Qxe7 Nxe7 20. Bxe6 fxe6 21. Nc4 Ng6 22. Kg1 Rxf1+ 23. Kxf1 Kf7 24. Ra3 Ke7 25. Rb3 Ra7 26. g3 Kd7 27. Ke2 Kc7 28. h4 h5 29. Ke3 Ra8 30. Ra3 b6 31. Ra1 Rf8 32. Rg1 b5 33. axb5 cxb5 34. Nxa5 Ra8 35. b4 Kb6 36. Rf1 Rc8 37. Kd2 Rf8 38. Rxf8 Nxf8 39. Nb3 Nd7 40. Ke3 Kc6 41. c4 g6 42. c5 Nf6 43. Na5+ Kc7 44. d4 Ng4+ 45. Kf3 exd4 46. Nb3 e5 47. Nd2 Nf6 48. Nb3 Nd7 49. Ke2 Nb8 50. Kd3 Nc6 51. Nc1 Nxb4+ 52. Kd2 Na6 53. Nb3 Kc6 54. Na5+ Kxc5 55. Nb7+ Kc6 56. Nd8+ Kd7 57. Nf7 Ke6 58. Nd8+ Ke7 59. Nc6+ Kd6 60. Nd8 Nc5 61. Nf7+ Ke6 62. Nd8+ Ke7 63. Nc6+ Kd6 64. Na7 Nxe4+ 65. Kd3 Nc5+ 66. Kc2 b4 67. Nb5+ Kd5 68. Nc7+ Kc4 69. Ne8 b3+ 70. Kb2 Kb4 71. Nd6 Na4+ 72. Kb1 d3 73. Ne4 Nc3+ 74. Nxc3 Kxc3 0-1


[Site "https://www.chess.com"]

[Event "Titled Tuesday Blitz June 20 Early 2023"]
[White "Ljukin, Sergei"]
[Black "Wang, Alexander J"]
[WhiteFideId "14102200"]
[BlackFideId "30955270"]
[WhiteElo "2312"]
[BlackElo "2322"]
[Result "1-0"]
[Round "9"]
[TimeControl "180+2"]
[Date "2023.06.20"]
[WhiteClock "0:01:11"]
[BlackClock "0:01:26"]
[Board "76"]

1. e4 c5 2. Nf3 e6 3. d4 cxd4 4. Nxd4 Nf6 5. Nc3 Nc6 6. Nxc6 bxc6 7. e5 Nd5 8. Ne4 Qc7 9. f4 Qb6 10. c4 Ne3 11. Qd3 Nxf1 12. Rxf1 Be7 13. Nd6+ Bxd6 14. Qxd6 Qb8 15. Qxb8 Rxb8 16. b3 a5 17. Ba3 a4 18. Rf3 axb3 19. Rxb3 Rxb3 20. axb3 f6 21. Bd6 Kf7 22. b4 Kg6 23. Ra8 Re8 24. b5 cxb5 25. cxb5 Kf7 26. Ra7 fxe5 27. fxe5 Kg6 28. b6 Kf5 29. Ra8 1-0


[Site "https://www.chess.com"]

[Event "Titled Tuesday Blitz June 20 Early 2023"]
[White "Kovacsy, Barnabas"]
[Black "Goltsev, Dmitry"]
[WhiteFideId "769290"]
[BlackFideId "24176710"]
[WhiteElo "2130"]
[BlackElo "2356"]
[Result "0-1"]
[Round "9"]
[TimeControl "180+2"]
[Date "2023.06.20"]
[WhiteClock "0:00:18"]
[BlackClock "0:01:42"]
[Board "77"]

1. e4 e6 2. d4 d5 3. Nc3 c5 4. exd5 exd5 5. Nf3 Nf6 6. Bd3 Nc6 7. O-O Be7 8. h3 O-O 9. Bf4 cxd4 10. Ne2 Ne4 11. Nexd4 Bf6 12. c3 Qb6 13. Nxc6 bxc6 14. Qc2 Bf5 15. Be5 Be7 16. Nd4 Bg6 17. Rab1 c5 18. Nf3 c4 19. Bxe4 Bxe4 20. Qe2 Bxb1 21. Rxb1 Bf6 22. Bd4 Bxd4 23. Nxd4 Rfe8 24. Qf3 Rad8 25. b3 Qf6 26. Qg3 Qg6 27. Qxg6 hxg6 28. bxc4 dxc4 29. Rb7 Re1+ 30. Kh2 Rc1 31. Rxa7 Rxc3 32. Nf3 f6 33. Rc7 Rc2 34. a4 c3 35. a5 Rxf2 36. Rxc3 Ra2 37. Rc5 Ra8 38. Nd4 R2xa5 39. Rc7 R5a7 40. Rc6 Ra2 41. Ne6 Re8 42. Nf4 g5 43. Nh5 Ree2 44. Rc7 Rxg2+ 45. Kh1 Rge2 46. Kg1 Re1# 0-1


[Site "https://www.chess.com"]

[Event "Titled Tuesday Blitz June 20 Early 2023"]
[White "Oro, Faustino"]
[Black "Aggelis, Nikolaos"]
[WhiteFideId "20000197"]
[BlackFideId "4213220"]
[WhiteElo "1984"]
[BlackElo "2189"]
[Result "0-1"]
[Round "9"]
[TimeControl "180+2"]
[Date "2023.06.20"]
[WhiteClock "0:00:01"]
[BlackClock "0:00:13"]
[Board "78"]

1. Nf3 f5 2. d4 Nf6 3. g3 g6 4. Bg2 Bg7 5. O-O O-O 6. c4 d6 7. Nc3 c6 8. Qc2 Na6 9. a3 Qe8 10. e4 e5 11. dxe5 dxe5 12. Re1 f4 13. gxf4 Nh5 14. fxe5 Bg4 15. Nd2 Qxe5 16. Nf1 Bf3 17. Bxf3 Rxf3 18. Be3 Raf8 19. Ng3 Nf4 20. Rf1 Nc5 21. Rad1 Qe6 22. b4 Qh3 23. Bxf4 Rxc3 24. Qd2 Rd3 25. Qc1 Nb3 26. Qc2 Rxd1 27. Qxd1 Nd4 28. Re1 Rxf4 29. Re3 Be5 30. Qd3 Qg4 31. Kg2 h5 32. h3 Qe6 33. Ne2 Nxe2 34. Rxe2 Qd6 35. Qb3 Qd4 36. c5+ Kg7 37. Qc2 Kh6 38. f3 Qc3 39. Qxc3 Bxc3 40. e5 Kg7 41. e6 Kf8 42. Kg3 Rf6 43. Re3 Bb2 44. a4 Ke7 45. b5 Rxe6 46. Rb3 Be5+ 47. f4 Bc7 48. bxc6 bxc6 49. Rb7 Kd7 50. Rxa7 Re4 51. a5 Ra4 52. a6 Ra5 53. Kh4 Rxc5 54. Ra8 Ra5 55. a7 c5 56. f5 gxf5 57. Kxh5 c4 58. Kg5 f4+ 59. Kg4 c3 60. Kf3 c2 0-1


[Site "https://www.chess.com"]

[Event "Titled Tuesday Blitz June 20 Early 2023"]
[White "Cherniaiev, Tykhon"]
[Black "Khamdamova, Afruza"]
[WhiteFideId "14182360"]
[BlackFideId "14210444"]
[WhiteElo "2450"]
[BlackElo "2312"]
[Result "1-0"]
[Round "9"]
[TimeControl "180+2"]
[Date "2023.06.20"]
[WhiteClock "0:00:14"]
[BlackClock "0:00:16"]
[Board "79"]

1. Nf3 Nf6 2. d4 g6 3. g3 Bg7 4. Bg2 d6 5. O-O O-O 6. c4 c6 7. Nc3 Nbd7 8. b3 Re8 9. Bb2 Nf8 10. Qc2 e5 11. dxe5 dxe5 12. Rad1 Qc7 13. Ba3 Bf5 14. e4 Bg4 15. Bd6 Qb6 16. c5 Qa6 17. h3 Bxf3 18. Bxf3 Rad8 19. Be2 Qa3 20. Nb1 Qb4 21. Bc4 b5 22. cxb6 Qxb6 23. Nc3 Rd7 24. Na4 Qa5 25. Nc5 Rxd6 26. Rxd6 Qc7 27. Rfd1 Re7 28. Rd8 h5 29. Na6 Qb6 30. Rb8 Rb7 31. Rxb7 Qxb7 32. Nc5 Qe7 33. b4 g5 34. Qa4 Qc7 35. Qa5 Qe7 36. Qd8 Qxd8 37. Rxd8 g4 38. hxg4 hxg4 39. Ra8 Nh7 40. Rxa7 Ng5 41. a4 Bf6 42. a5 Bd8 43. Ra8 Be7 44. a6 Kg7 45. a7 Ng6 46. Rc8 Bxc5 47. bxc5 Nf3+ 48. Kh1 Nd2 49. Bd3 Ne7 50. a8=Q Kf6 51. Rxc6+ Nxc6 52. Qxc6+ Kg5 53. Qd6 Nf3 54. c6 f5 55. exf5 e4 56. Qg6# 1-0


[Site "https://www.chess.com"]

[Event "Titled Tuesday Blitz June 20 Early 2023"]
[White "Starozhilov, Leonid"]
[Black "Delorme, Axel"]
[WhiteFideId "14106752"]
[BlackFideId "632023"]
[WhiteElo "2352"]
[BlackElo "2478"]
[Result "1/2-1/2"]
[Round "9"]
[TimeControl "180+2"]
[Date "2023.06.20"]
[WhiteClock "0:00:10"]
[BlackClock "0:00:06"]
[Board "80"]

1. e4 c5 2. Nf3 d6 3. Bb5+ Bd7 4. c4 Nf6 5. Nc3 Nc6 6. a3 g6 7. O-O Bg7 8. d3 O-O 9. h3 a6 10. Ba4 Ne8 11. Rb1 Nc7 12. Be3 Ne6 13. Bxc6 Bxc6 14. d4 cxd4 15. Nxd4 Nxd4 16. Bxd4 Rc8 17. Bxg7 Kxg7 18. Qd4+ Kg8 19. b3 Qa5 20. a4 Qc5 21. Rfd1 Qxd4 22. Rxd4 a5 23. f3 b6 24. h4 Kg7 25. Kf2 h6 26. Ke3 g5 27. Rh1 Rh8 28. Ne2 Bd7 29. e5 Rc6 30. Ng3 f5 31. exf6+ Kxf6 32. hxg5+ Kxg5 33. Rdh4 Kg6 34. Nh5 e5 35. Ng3 d5 36. cxd5 Rc3+ 37. Kf2 Rxb3 38. Ne4 h5 39. Rc1 Rc8 40. Rxc8 Bxc8 41. Ng3 Rd3 42. Rxh5 Rxd5 43. Rh8 Bd7 44. Rd8 Bc6 45. Rb8 Bxa4 46. Rxb6+ Kf7 47. Ne4 Bc2 48. Nd6+ Ke6 49. Nc4+ Kd7 50. Ne3 Rc5 51. Ra6 Bb3 52. g4 a4 53. g5 e4 54. f4 Kc7 55. Rh6 Kb7 56. g6 a3 57. Rh7+ Kb6 58. Rh1 a2 59. f5 Ra5 60. Ra1 Kc7 61. Kg3 Kd7 62. Kf4 Ke7 63. Kxe4 Kf6 64. Kf4 Ra4+ 65. Kf3 Bg8 66. Ke2 Ke5 67. Kd2 Kf6 68. Kc3 Ra3+ 69. Kd4 Rxe3 70. Kxe3 Kxf5 71. Kd2 Kxg6 72. Kc3 Kf6 73. Kb2 Be6 74. Re1 Ke7 75. Ka1 Kf7 76. Rf1+ Ke7 77. Rg1 Kf7 78. Kb2 Ke7 79. Ra1 Kf7 80. Rxa2 Bxa2 1/2-1/2


[Site "https://www.chess.com"]

[Event "Titled Tuesday Blitz June 20 Early 2023"]
[White "Rizzo, Tobias"]
[Black "Florescu, Codrut-Constantin"]
[WhiteFideId "30942691"]
[BlackFideId "1202200"]
[WhiteElo "2480"]
[BlackElo "2191"]
[Result "0-1"]
[Round "9"]
[TimeControl "180+2"]
[Date "2023.06.20"]
[WhiteClock "0:01:41"]
[BlackClock "0:02:27"]
[Board "81"]

1. d4 Nf6 2. Bg5 e6 3. e4 h6 4. Bxf6 Qxf6 5. c3 d6 6. Nd2 e5 7. Ngf3 g6 8. h3 Bg7 9. Be2 O-O 10. O-O Nc6 11. dxe5 Nxe5 12. Nxe5 dxe5 13. Nc4 b6 14. Ne3 c6 15. Qa4 b5 16. Qa3 Rd8 17. Rad1 Bf8 18. Rxd8 Qxd8 19. Qb3 Be6 20. Qc2 Qg5 21. Rd1 Bxh3 22. a4 Bc5 23. Rd3 Bxe3 0-1


[Site "https://www.chess.com"]

[Event "Titled Tuesday Blitz June 20 Early 2023"]
[White "Becerra, Juan David"]
[Black "Morgunov, Anatoly"]
[WhiteFideId "4404998"]
[BlackFideId "4145909"]
[WhiteElo "2304"]
[BlackElo "2237"]
[Result "1/2-1/2"]
[Round "9"]
[TimeControl "180+2"]
[Date "2023.06.20"]
[WhiteClock "0:00:06"]
[BlackClock "0:00:28"]
[Board "82"]

1. e4 e6 2. d4 d5 3. Nd2 c5 4. exd5 Qxd5 5. Ngf3 cxd4 6. Bc4 Qd6 7. O-O Nc6 8. Nb3 Nf6 9. Nbxd4 Nxd4 10. Nxd4 a6 11. c3 Qc7 12. Be2 Bd6 13. h3 O-O 14. Bf3 Bd7 15. Bg5 Nd5 16. Bxd5 exd5 17. Qf3 h6 18. Be3 Be6 19. Qh5 Bf4 20. Bxf4 Qxf4 21. Rfe1 Rae8 22. Qf3 Qxf3 23. Nxf3 Bf5 24. Rxe8 Rxe8 25. Re1 Be6 26. Nd4 Kf8 27. f4 g6 28. Kf2 Kg7 29. g4 Kf6 30. h4 g5 31. Kg3 gxf4+ 32. Kxf4 Rg8 33. Nxe6 fxe6 34. Re5 Rd8 35. Rh5 Kg6 36. Ke5 Re8 37. a4 b5 38. axb5 axb5 39. Kd6 b4 40. Kd7 bxc3 41. bxc3 Rf8 42. Kxe6 Rf3 43. Rxd5 Rxc3 44. Ke5 Rc4 45. Rd6+ Kg7 46. Rd4 Rc5+ 47. Kf4 Rc7 48. Ke4 Rf7 49. Rd5 Rf1 50. Re5 Kg6 51. Re6+ Kg7 52. Re5 Kg6 53. h5+ Kg7 54. Re7+ Kf6 55. Rh7 Kg5 56. Rg7+ Kh4 57. Ke5 Rf8 58. Rg6 Rf1 59. Rf6 Rg1 60. Rxh6 Rxg4 61. Kf5 Rg5+ 62. Kf6 Rxh5 63. Rxh5+ Kxh5 1/2-1/2


[Site "https://www.chess.com"]

[Event "Titled Tuesday Blitz June 20 Early 2023"]
[White "Zavgorodniy, Sergiy"]
[Black "Andreev, Konstantin"]
[WhiteFideId "14110148"]
[BlackFideId "24239305"]
[WhiteElo "2402"]
[BlackElo "2106"]
[Result "0-1"]
[Round "9"]
[TimeControl "180+2"]
[Date "2023.06.20"]
[WhiteClock "0:01:26"]
[BlackClock "0:01:13"]
[Board "83"]

1. d4 Nf6 2. c4 e6 3. Nf3 d5 4. e3 Be7 5. Nbd2 O-O 6. Bd3 a6 7. O-O dxc4 8. Nxc4 b5 9. Nce5 Bb7 10. a4 b4 11. b3 c5 12. Bb2 Nbd7 13. Rc1 Rc8 14. Qe2 Qb6 15. Ng5 h6 16. Nxd7 Nxd7 17. Ne4 f5 18. Nxc5 Nxc5 19. dxc5 Bxc5 20. Bc4 Rfd8 21. Rcd1 Qc6 22. f3 Qb6 23. Bd4 Bxd4 24. exd4 Bd5 25. Bxa6 Rc3 26. Bc4 Kf7 27. Kh1 Bxc4 28. bxc4 Rxd4 29. Rxd4 Qxd4 30. Re1 Qxc4 31. Qe5 Rc1 32. h4 Qxh4+ 0-1


[Site "https://www.chess.com"]

[Event "Titled Tuesday Blitz June 20 Early 2023"]
[White "Garcia Blanco, Omar"]
[Black "Gomez Barrera, Javiera Belen"]
[WhiteFideId "2287153"]
[BlackFideId "3418723"]
[WhiteElo "2356"]
[BlackElo "2119"]
[Result "1-0"]
[Round "9"]
[TimeControl "180+2"]
[Date "2023.06.20"]
[WhiteClock "0:00:30"]
[BlackClock "0:00:00"]
[Board "84"]

1. e4 d6 2. d4 Nf6 3. Bd3 e5 4. c3 Be7 5. Nf3 Nbd7 6. O-O O-O 7. Re1 c6 8. h3 h6 9. a4 Re8 10. a5 Bf8 11. Qc2 Rb8 12. Be3 b6 13. axb6 axb6 14. Nbd2 b5 15. Ra7 Nb6 16. dxe5 dxe5 17. c4 Nxc4 18. Nxc4 bxc4 19. Bxc4 Be6 20. Nxe5 Bxc4 21. Nxc4 Rxe4 22. Na5 Qe8 23. Qxc6 Qxc6 24. Nxc6 Rxb2 25. Ra8 Rc2 26. Nd4 Rc4 27. Nf5 Re5 28. Nxh6+ gxh6 29. Rxf8+ Kxf8 30. Bxh6+ Kg8 31. Rxe5 Kh7 32. Be3 Kg6 33. g4 Nh7 34. Kg2 f6 35. Rf5 Nf8 36. Kg3 Ne6 37. h4 Ng7 38. h5+ Kf7 39. Ra5 f5 40. Ra7+ Kg8 41. h6 Rxg4+ 42. Kh3 1-0


[Site "https://www.chess.com"]

[Event "Titled Tuesday Blitz June 20 Early 2023"]
[White "Mendez Fortes, Eduardo Jesus"]
[Black "Heinemann, Josefine"]
[WhiteFideId "3502376"]
[BlackFideId "12900460"]
[WhiteElo "2307"]
[BlackElo "2342"]
[Result "0-1"]
[Round "9"]
[TimeControl "180+2"]
[Date "2023.06.20"]
[WhiteClock "0:00:00"]
[BlackClock "0:01:16"]
[Board "85"]

1. e4 c6 2. d4 d5 3. e5 c5 4. dxc5 Nc6 5. Nf3 e6 6. a3 Bxc5 7. b4 Bb6 8. Bb2 Nge7 9. Bd3 Ng6 10. b5 Nce7 11. Nbd2 Nf4 12. Bf1 O-O 13. g3 Nfg6 14. h4 f6 15. Bd3 Nxe5 16. Bxe5 fxe5 17. Bxh7+ Kxh7 18. Ng5+ Kg6 19. Qg4 Bxf2+ 20. Kd1 Nf5 21. Kc1 Kh6 22. h5 Qe8 23. Ngf3 Be3 24. Nxe5 Rf6 25. Kd1 Bg5 26. Ndf3 Ne3+ 0-1


[Site "https://www.chess.com"]

[Event "Titled Tuesday Blitz June 20 Early 2023"]
[White "Sai Han Thiha"]
[Black "Hajiyev, Kanan"]
[WhiteFideId "13012290"]
[BlackFideId "13404148"]
[WhiteElo "1953"]
[BlackElo "2115"]
[Result "0-1"]
[Round "9"]
[TimeControl "180+2"]
[Date "2023.06.20"]
[WhiteClock "0:00:00"]
[BlackClock "0:00:13"]
[Board "86"]

1. d4 Nf6 2. Nf3 e6 3. c4 Bb4+ 4. Bd2 Bxd2+ 5. Qxd2 O-O 6. Nc3 d5 7. e3 c6 8. Rc1 Nbd7 9. a3 a5 10. Qc2 Qe7 11. Bd3 dxc4 12. Bxc4 e5 13. O-O e4 14. Ng5 Nb6 15. Bb3 Bf5 16. f3 Rae8 17. fxe4 Bg6 18. Qf2 h6 19. Nf3 Nxe4 20. Nxe4 Bxe4 21. Ne5 Bd5 22. Bc2 Nc4 23. Nxc4 Bxc4 24. Rfe1 f5 25. Bxf5 Ba6 26. e4 g6 27. Qg3 g5 28. h4 a4 29. d5 cxd5 30. Rc7 Qe5 31. Qxe5 Rxe5 32. Rd1 dxe4 33. Rdd7 Rfxf5 0-1


[Site "https://www.chess.com"]

[Event "Titled Tuesday Blitz June 20 Early 2023"]
[White "Pastar, Slaven"]
[Black "Savitha Shri B"]
[WhiteFideId "14402718"]
[BlackFideId "35061887"]
[WhiteElo "2219"]
[BlackElo "2172"]
[Result "1/2-1/2"]
[Round "9"]
[TimeControl "180+2"]
[Date "2023.06.20"]
[WhiteClock "0:00:13"]
[BlackClock "0:00:27"]
[Board "87"]

1. b3 c5 2. Bb2 Nc6 3. Nf3 d5 4. e3 Nf6 5. Bb5 e6 6. c4 dxc4 7. bxc4 Bd7 8. O-O Bd6 9. Nc3 O-O 10. Rb1 e5 11. Qc2 Re8 12. d3 Bg4 13. Ng5 e4 14. Ncxe4 Nxe4 15. Nxe4 Nb4 16. Qb3 Re6 17. f4 Be2 18. Qc3 f6 19. Rfd1 Bxd1 20. Rxd1 a6 21. Ba4 b5 22. cxb5 Kh8 23. Bb3 Re8 24. Nxf6 Rxe3 25. Nd5 Be5 26. fxe5 Nxd5 27. Qxc5 Qh4 28. Qc1 Re2 29. Bxd5 Qf2+ 30. Kh1 Rf8 31. e6 h6 32. e7 Rxe7 33. Ba3 Rc7 34. Bxf8 Rxc1 35. Rxc1 Qxf8 36. bxa6 Qa3 37. Rc8+ Kh7 38. Be4+ g6 39. h4 Qxa6 40. Rc7+ Kg8 41. Rc6 Qxa2 42. Rxg6+ Kf7 43. Rxh6 Qb1+ 44. Kh2 Qb8+ 45. g3 Qb2+ 46. Kh3 Qc1 47. Rh7+ Kf6 48. Rb7 Qf1+ 49. Kh2 Qf2+ 50. Bg2 Kf5 51. Rb5+ Kg6 52. Rb4 Kh6 53. Rf4 Qd2 54. d4 Qe3 55. d5 Qd2 56. Rf6+ Kg7 57. Re6 Qd1 58. d6 Kf7 59. Re7+ Kf8 60. Re6 Kf7 61. Re7+ Kf8 62. Rd7 Ke8 63. Bc6 Qc2+ 64. Kh3 Qxc6 65. Rg7 Qxd6 66. Rg5 Kf7 67. Kg4 Qe6+ 68. Kf4 Qc4+ 69. Kf3 Kf6 70. Ke3 Qc3+ 71. Kf4 Qd2+ 72. Kf3 Qd3+ 73. Kf4 Qf1+ 74. Kg4 Qh1 75. Kf4 Qh3 76. Kf3 Ke6 77. Kf2 Qh2+ 78. Kf3 Qd2 79. Kg4 Qd4+ 80. Kf3 Kf6 81. Kg2 Qe3 82. Kh3 Qf3 83. Kh2 Qf1 84. Rh5 Kg6 85. Rg5+ Kh6 86. g4 Qf2+ 87. Kh3 Qf3+ 88. Kh2 Qe3 89. Rh5+ Kg6 90. Rg5+ Kf6 91. Kg2 Qe4+ 92. Kg3 Qe3+ 93. Kg2 Qf4 94. Rf5+ Qxf5 95. gxf5 Kxf5 96. Kg3 Kg6 97. Kg4 Kh6 98. h5 Kh7 99. Kg5 Kh8 100. h6 Kg8 101. Kg6 Kh8 102. h7 1/2-1/2


[Site "https://www.chess.com"]

[Event "Titled Tuesday Blitz June 20 Early 2023"]
[White "Moksh Amit Doshi"]
[Black "Ansh M Shah"]
[WhiteFideId "25064967"]
[BlackFideId "25033379"]
[WhiteElo "2297"]
[BlackElo "2084"]
[Result "0-1"]
[Round "9"]
[TimeControl "180+2"]
[Date "2023.06.20"]
[WhiteClock "0:00:04"]
[BlackClock "0:00:04"]
[Board "88"]

1. e4 c6 2. d4 d5 3. e5 Bf5 4. Nf3 e6 5. Be2 c5 6. Be3 Qb6 7. Nc3 Nc6 8. Na4 Qa5+ 9. c3 c4 10. O-O b5 11. Nc5 Bxc5 12. dxc5 h6 13. Nd4 Nxd4 14. cxd4 Ne7 15. Bd2 Qc7 16. a4 Nc6 17. Be3 b4 18. f4 Be4 19. Qe1 Ne7 20. Qxb4 Rb8 21. Qd2 Nf5 22. Bf2 O-O 23. Rfc1 Rb3 24. Rc3 Rfb8 25. Rxb3 Rxb3 26. Ra3 Rxa3 27. bxa3 Qb7 28. g4 Qb1+ 29. Qd1 Ne7 30. Qxb1 Bxb1 31. Be1 Nc6 32. Bc3 a5 33. Bd1 f6 34. Kf2 Kf7 35. Ke3 g5 36. exf6 Kxf6 37. Bf3 Bc2 38. f5 Bxa4 39. fxe6 Kxe6 40. Kd2 Bb3 41. Bb2 Na7 42. Bc3 Nc6 43. Ke3 Bc2 44. Be1 Bb3 45. Bg3 a4 46. Bd6 c3 47. Be2 c2 48. Kd2 Nxd4 49. Bd3 Kd7 50. Be5 Nf3+ 0-1


[Site "https://www.chess.com"]

[Event "Titled Tuesday Blitz June 20 Early 2023"]
[White "Bodnaruk, Anastasia"]
[Black "Itkis, Boris"]
[WhiteFideId "4181751"]
[BlackFideId "1209167"]
[WhiteElo "2304"]
[BlackElo "2219"]
[Result "1-0"]
[Round "9"]
[TimeControl "180+2"]
[Date "2023.06.20"]
[WhiteClock "0:00:10"]
[BlackClock "0:00:07"]
[Board "89"]

1. e4 e6 2. d4 d5 3. e5 c5 4. c3 Nc6 5. Nf3 Qb6 6. a3 c4 7. g3 Na5 8. Nbd2 Bd7 9. h4 h6 10. Bh3 O-O-O 11. O-O Kb8 12. h5 Ne7 13. Nh4 Nc8 14. f4 Be7 15. Ng2 g6 16. Rb1 Qc7 17. Nf3 Nb6 18. Be3 Rdg8 19. hxg6 fxg6 20. g4 h5 21. Ng5 Bxg5 22. fxg5 hxg4 23. Bxg4 Rg7 24. Rf6 Qc8 25. Qf3 Nc6 26. Nf4 Re8 27. Nxg6 Qd8 28. Nh4 Ne7 29. Rf1 Ng8 30. Rf8 Na4 31. Bc1 Ne7 32. Rxe8 Qxe8 33. Qf8 Qxf8 34. Rxf8+ Kc7 35. Kf2 a5 36. Rf6 b5 37. Bxe6 Bxe6 38. Rxe6 b4 39. axb4 axb4 40. Ra6 Nb6 41. cxb4 Nc6 42. g6 Kb7 43. Ra1 Nxb4 44. Bh6 Rg8 45. g7 Nc2 46. Rd1 Nc8 47. Nf5 Nb4 48. e6 Nd3+ 49. Ke3 Kc6 50. Bf4 Nxf4 51. Kxf4 Re8 52. Rh1 1-0


[Site "https://www.chess.com"]

[Event "Titled Tuesday Blitz June 20 Early 2023"]
[White "i_like_explosions"]
[Black "Adla, Diego"]
[BlackFideId "100072"]
[WhiteElo "2414"]
[BlackElo "2377"]
[Result "0-1"]
[Round "9"]
[TimeControl "180+2"]
[Date "2023.06.20"]
[WhiteClock "0:00:01"]
[BlackClock "0:01:28"]
[Board "90"]

1. d4 Nf6 2. Bg5 g6 3. Bxf6 exf6 4. g3 Bg7 5. Bg2 O-O 6. e3 c5 7. Ne2 Nc6 8. O-O cxd4 9. exd4 f5 10. c3 Qb6 11. Qb3 d6 12. Nd2 Re8 13. Nf4 Bh6 14. Qxb6 axb6 15. Nc4 Bxf4 16. gxf4 Rd8 17. Nxb6 Ra6 18. Nxc8 Rxc8 19. a3 Rb6 20. b4 Nd8 21. Rfc1 Ne6 22. Bf1 Nxf4 23. c4 Ne6 24. c5 dxc5 25. dxc5 Rbc6 26. Bg2 R6c7 27. a4 Nd4 28. Rc4 Nc6 29. Rac1 Ne5 30. Rd4 f4 31. a5 f3 32. Bf1 Nc6 33. Rd6 Nxb4 34. Rb6 Nc6 35. a6 bxa6 36. Bxa6 Rd8 37. Bb7 Nd4 38. Kf1 Ne2 39. Re1 Rxc5 40. Bxf3 Nf4 41. Rb4 g5 42. h4 h6 43. hxg5 hxg5 44. Rbe4 Rd2 45. Rd1 Rb2 46. Re8+ Kg7 47. Be4 Ra5 48. Rb1 Rd2 49. f3 Raa2 50. Rc8 Rf2+ 51. Kg1 Nh3+ 0-1


[Site "https://www.chess.com"]

[Event "Titled Tuesday Blitz June 20 Early 2023"]
[White "Herzog2012"]
[Black "Girya, Olga"]
[BlackFideId "4195752"]
[WhiteElo "2436"]
[BlackElo "2263"]
[Result "0-1"]
[Round "9"]
[TimeControl "180+2"]
[Date "2023.06.20"]
[WhiteClock "0:00:02"]
[BlackClock "0:00:27"]
[Board "91"]

1. e4 e5 2. Nc3 Nf6 3. g3 Nc6 4. Bg2 Bc5 5. Nge2 d6 6. O-O a5 7. d3 Be6 8. Nd5 h6 9. c3 Bxd5 10. exd5 Ne7 11. d4 exd4 12. Nxd4 O-O 13. c4 Qd7 14. h3 Nf5 15. Nxf5 Qxf5 16. Qf3 Qc2 17. Bxh6 Qxb2 18. Bg5 Nd7 19. Qh5 Bxf2+ 20. Kh2 g6 21. Qf3 Bd4 22. Be7 Ne5 23. Qe4 f5 24. Qh4 Rf7 25. Bf6 Rh7 26. Qg5 Ng4+ 27. Kh1 Bxf6 28. Qxg6+ Rg7 29. Qxf5 Ne3 30. Qxf6 Qxg2# 0-1


[Site "https://www.chess.com"]

[Event "Titled Tuesday Blitz June 20 Early 2023"]
[White "Bogaudinov, Rushan"]
[Black "Sebag, Marie"]
[WhiteFideId "4129288"]
[BlackFideId "617822"]
[WhiteElo "1967"]
[BlackElo "2431"]
[Result "0-1"]
[Round "9"]
[TimeControl "180+2"]
[Date "2023.06.20"]
[WhiteClock "0:01:16"]
[BlackClock "0:01:55"]
[Board "92"]

1. a3 e5 2. b4 d5 3. Bb2 Nd7 4. e3 Bd6 5. Nf3 Ngf6 6. c4 c6 7. d4 e4 8. Ne5 O-O 9. Be2 Qe7 10. Nxd7 Bxd7 11. c5 Bc7 12. a4 g6 13. b5 h5 14. b6 axb6 15. cxb6 Bxb6 16. Ba3 Ba5+ 17. Kf1 Bb4 18. Qb3 Bxa3 19. Rxa3 Be6 20. a5 c5 21. dxc5 Qxc5 22. Qc3 Rfc8 23. f3 exf3 24. gxf3 Qe7 25. Kf2 Rxc3 26. Rxc3 Rxa5 27. Nd2 Ra2 28. Nb3 Ne4+ 29. fxe4 Qf6+ 0-1


[Site "https://www.chess.com"]

[Event "Titled Tuesday Blitz June 20 Early 2023"]
[White "Belov, Alexei"]
[Black "Nikologorsky, Matfei"]
[WhiteFideId "4128206"]
[BlackFideId "24102474"]
[WhiteElo "2564"]
[BlackElo "2153"]
[Result "0-1"]
[Round "9"]
[TimeControl "180+2"]
[Date "2023.06.20"]
[WhiteClock "0:00:15"]
[BlackClock "0:00:51"]
[Board "93"]

1. e4 c5 2. Nf3 e6 3. d4 cxd4 4. Nxd4 a6 5. Nc3 Qc7 6. Be2 b5 7. O-O Bb7 8. Bf3 Nc6 9. Nxc6 dxc6 10. Qe2 Bd6 11. h3 Nf6 12. Rd1 Be5 13. Be3 c5 14. Bg5 O-O 15. Qe1 Rfd8 16. Rab1 h6 17. Bh4 g5 18. Bg3 Bxg3 19. fxg3 Qe5 20. a3 Rd4 21. Ne2 Rxd1 22. Rxd1 Nxe4 23. Nc3 f5 24. Bxe4 fxe4 25. Qe3 Rf8 26. h4 b4 27. Na4 bxa3 28. bxa3 c4 29. Nc5 Bd5 30. Nd7 Qg7 31. Nxf8 Kxf8 32. Rf1+ Kg8 33. Qc5 gxh4 34. Qc8+ Kh7 35. Qe8 e5 36. Qd7 Qxd7 0-1


[Site "https://www.chess.com"]